 Dungeon Crawl Stone Soup version 0.19.0 (webtiles) character file.

14 Jorund the Grave Robber (level 2, -1/17 HPs)
             Began as an Octopode Necromancer on Nov 1, 2016.
             Slain by a rat (3 damage)
             ... on level 1 of the Dungeon.
             The game lasted 00:00:50 (266 turns).

Jorund the Grave Robber (Octopode Necromancer)       Turns: 266, Time: 00:00:51

Health: -1/17      AC:  1    Str:  7    XL:     2   Next: 45%
Magic:  1/5        EV: 13    Int: 17    God:
Gold:   26         SH:  0    Dex: 12    Spells: 1 memorised, 4 levels left

rFire  . . .     SeeInvis .     h - +0 whip
rCold  . . .     Gourm    .     (no shield)
rNeg   . . .     Faith    .     (helmet restricted)
rPois  .         Spirit   .     (no amulet)
rElec  .         Reflect  .     c - ring of protection from magic
rCorr  .         Harm     .     (no ring)
MR     +....                    (no ring)
Stlth  +++.......               (no ring)
                                (no ring)
                                (no ring)
                                (no ring)
                                (no ring)

@: no status effects
A: almost no armour, stealthy swim, amphibious, 8 rings, constrict 8, camouflage
1, gelatinous body 1
a: no special abilities


You were on level 1 of the Dungeon.
You were not hungry.

You visited 1 branch of the dungeon, and saw 1 of its levels.

You collected 26 gold pieces.

Inventory:

Hand Weapons
 h - a +0 whip (weapon)
Armour
 k - a +0 buckler
Jewellery
 c - a ring of protection from magic (left tentacle)
Scrolls
 e - 2 scrolls of remove curse {unknown}
 i - a scroll of teleportation {unknown}
Potions
 f - 2 potions of curing {unknown}
 g - a potion of heal wounds
 j - a potion of cure mutation {unknown}
Books
 a - a book of Necromancy

   Spells                             Type                      Level
   a - Pain                           Necromancy                   1
   b - Animate Skeleton               Necromancy                   1
   c - Vampiric Draining              Necromancy                   3
   d - Regeneration                   Charms/Necromancy            3
   e - Animate Dead                   Necromancy                   4
   f - Control Undead                 Necromancy                   4
Comestibles
 b - a bread ration
 d - a beef jerky


   Skills:
 + Level 0.2 Maces & Flails
 - Level 2.0 Dodging
 - Level 2.6 Stealth
 + Level 2.1 Spellcasting
 + Level 4.4 Necromancy


You had 4 spell levels left.
You knew the following spells:

 Your Spells              Type           Power        Failure   Level  Hunger
a - Pain                  Necr           ###.         2%          1    #......


Dungeon Overview and Level Annotations

Branches:
Dungeon (1/15)

Altars:


Innate Abilities, Weirdness & Mutations

You cannot wear most types of armour.
You are very stealthy in the water. (Stealth+)
You are amphibious.
You can wear up to eight rings at the same time.
You can use your tentacles to constrict eight enemies at once.
Your skin changes colour to match your surroundings (Stealth+).
Your rubbery body absorbs attacks. (AC +1, EV +1)


Message History

The hobgoblin writhes in agony!
The rat bites you.
The hobgoblin drinks a potion.
The hobgoblin is healed!
Unknown command.
Casting: Pain
Confirm with . or Enter, or press ? or * to list all spells.
Aiming: Pain
Press: ? - help, Shift-Dir - straight line, f/p - hobgoblin
Aim: a hobgoblin, wielding a spear (chance to defeat MR: 87%)
The hobgoblin writhes in agony!
The rat closely misses you.
The hobgoblin hits you from afar with a spear.
* * * LOW HITPOINT WARNING * * *
Casting: Pain
Confirm with . or Enter, or press ? or * to list all spells.
Aiming: Pain
Press: ? - help, Shift-Dir - straight line, f/p - hobgoblin
Aim: a hobgoblin, wielding a spear (almost dead, chance to defeat MR: 87%)
The hobgoblin writhes in agony!
You kill the hobgoblin!
The rat bites you.
You die...

#.# #.# ###.######
#.# #.†......# #.# #
###..####.######.####
+..............(.....
###..####.######.#...
###..# #.#.## #....#
#.#+#. #.##@# #..†.#
#...).r.....# #....#
#.#.##.###### #....#
#.# #.# #.#... # #..
#.#### ).. .[.... ...
##.#### ....


You could see a rat.

Vanquished Creatures
  A leopard gecko (D:1)
  A bat (D:1)
  A giant cockroach (D:1)
  A goblin (D:1)
  A hobgoblin (D:1)
  2 jackals (D:1)
  A kobold (D:1)
  2 frilled lizards (D:1)
  2 rats (D:1)
12 creatures vanquished.

Notes
Turn   | Place    | Note
-------+----------+-------------------------------------------
     0 | D:1      | Jorund the Octopode Necromancer began the quest for the Orb.
     0 | D:1      | Reached XP level 1. HP: 11/11 MP: 3/3
   128 | D:1      | Reached XP level 2. HP: 13/17 MP: 0/5
   266 | D:1      | Slain by a rat

Action                   || total
-------------------------++-------
Melee: Whip              ||    11
       Constrict         ||     4
       Tentacles         ||     3
 Cast: Pain              ||    10
Armor: Skin              ||     3
Dodge: Dodged            ||     5
